 Dungeon Crawl Stone Soup version 0.17.0-28-g6e173f8 (webtiles) character file.

88 homeworkjunkie the Sneak (level 4, -9/23 HPs)
             Began as a Spriggan Assassin on Dec 1, 2015.
             Was an Initiate of Okawaru.
             Mangled by septik's ghost (16 damage)
             ... on level 3 of the Dungeon.
             The game lasted 00:04:37 (2053 turns).

homeworkjunkie the Sneak (Spriggan Assassin)        Turns: 2053, Time: 00:04:37

Health: -9/23      AC:  4    Str:  7    XL:     4   Next: 30%
Magic:  5/5        EV: 18    Int: 12    God:    Okawaru [......]
Gold:   70         SH:  0    Dex: 18    Spells: 0 memorised, 3 levels left

rFire  . . .     SeeInvis +     a - +2 short sword (elec)
rCold  . . .     Clarity  .     c - +0 robe
rNeg   . . .     SustAt   .     (shield restricted)
rPois  .         Gourm    .     (helmet restricted)
rElec  .         Spirit   .     d - +1 cloak
rCorr  .         Warding  .     (gloves unavailable)
rMut   .         Stasis   .     (boots unavailable)
MR     .....                    (no amulet)
Stlth  ++++......               (no ring)
                                (no ring)

@: very quick, not resistant to hostile enchantments, stealthy
A: unfitting armour, see invisible, herbivore 3, speed 3, slow metabolism 2
a: Renounce Religion


You were on level 3 of the Dungeon.
You worshipped Okawaru.
Okawaru was noncommittal.
You were not hungry.

You visited 1 branch of the dungeon, and saw 3 of its levels.

You collected 70 gold pieces.

Inventory:

Hand Weapons
 a - a +2 short sword of electrocution (weapon)
 b - a +0 blowgun
 q - a +0 hunting sling
Missiles
 e - 8 poisoned needles
 f - 2 curare-tipped needles
 i - 39 sling bullets
Armour
 c - a +0 robe (worn)
 d - a +1 cloak (worn)
Scrolls
 h - a scroll of blinking
 k - 3 scrolls of remove curse
Potions
 j - a potion of curing
 n - a potion of might {unknown}
 o - a potion of degeneration {unknown}
Comestibles
 g - a bread ration
 l - a slice of pizza
 r - a royal jelly


   Skills:
 * Level 2.0 Fighting
 * Level 2.6 Short Blades
 * Level 0.5(2.0) Slings
 * Level 2.5 Throwing
 * Level 2.6 Dodging
 * Level 7.2 Stealth


You had 3 spell levels left.
You didn't know any spells.

Dungeon Overview and Level Annotations

Branches:
Dungeon (3/15)

Altars:
Dithmenos
Gozag
Makhleb
Nemelex Xobeh
Okawaru
Sif Muna

Annotations:
D:3 septik's ghost, amateur HOFi


Innate Abilities, Weirdness & Mutations

You are tiny and cannot use many weapons and most armour.
You have supernaturally acute eyesight.
You are a herbivore.
You cover ground extremely quickly.
You need consume almost no food.


Message History

You see here a quokka corpse.
e - 8 poisoned needles (gained 1) Septik's ghost (amateur Hill Orc Fighter) comes into view.
Septik's ghost turns its malevolent gaze towards you.
You hit septik's ghost but do no damage.
Septik's ghost barely misses you.
You hit septik's ghost.
Septik's ghost is lightly damaged.
Septik's ghost hits you but does no damage.
You barely miss septik's ghost.
Septik's ghost is lightly damaged.
Septik's ghost completely misses you.
You hit septik's ghost but do no damage.
Septik's ghost is lightly damaged.
Septik's ghost hits you!
You completely miss septik's ghost.
Septik's ghost is lightly damaged.
Septik's ghost hits you!
Ouch! That really hurt!
You die...

#####[#. #.# #.# ##
#.# .# #.# ### .#
#.# ... .# #.##
#.###.# #.##
#...@W# #...
###.###### # #...
#.##.....#######._.
#.##.##............
#..................
####.##.#########.#
#.##.# #.# #.##.#
#..
#.##.#########..


You could see septik's ghost.

Vanquished Creatures
  3 adders
  An ooze (D:2)
  3 worms
  2 giant geckos (D:1)
  An orc (D:2)
  A ball python (D:1)
  6 bats
  4 giant cockroaches
  3 goblins
  4 hobgoblins
  3 jackals (D:1)
  3 quokkas
  2 giant newts
  5 kobolds
  5 rats
46 creatures vanquished.

Notes
Turn   | Place    | Note
--------------------------------------------------------------
     0 | D:1      | homeworkjunkie the Spriggan Assassin began the quest for the Orb.
     0 | D:1      | Reached XP level 1. HP: 10/10 MP: 2/2
    62 | D:1      | Reached skill level 6 in Stealth
   205 | D:1      | Reached XP level 2. HP: 12/15 MP: 3/3
   941 | D:3      | Found a burning altar of Makhleb.
   967 | D:2      | Found an iron altar of Okawaru.
   981 | D:2      | Became a worshipper of Warmaster Okawaru
  1054 | D:2      | Found a faded altar to an unknown god.
  1086 | D:2      | Reached XP level 3. HP: 18/18 MP: 4/4
  1157 | D:3      | Found a deep blue altar of Sif Muna.
  1208 | D:2      | Found an opulent altar of Gozag.
  1324 | D:2      | Reached skill level 7 in Stealth
  1394 | D:2      | Found a sparkling altar of Nemelex Xobeh.
  1437 | D:2      | Reached XP level 4. HP: 19/23 MP: 5/5
  1732 | D:2      | Found a shadowy altar of Dithmenos.
  2046 | D:3      | Noticed septik's ghost (amateur HOFi)
  2053 | D:3      | Mangled by septik's ghost

Action                   |  1- 3 |  4- 6 || total
-------------------------+-------+-------++-------
Melee: Dagger            |    27 |       ||    27
       Short sword       |    61 |    26 ||    87
 Fire: Blowgun           |     3 |     2 ||     5
       Hunting sling     |       |    14 ||    14
  Use: Scroll            |     7 |     1 ||     8
 Stab: Sleeping          |    13 |     1 ||    14
